 Dungeon Crawl Stone Soup version 0.29.1-1-gd02db6906a (webtiles) character file.

Game seed: 16442645845141770127

19 Mune the Caller (level 2, 0/19 HPs)
             Began as a Mummy Summoner on Oct 14, 2022.
             Was a Follower of Dithmenos.
             Slain by a kobold
             ... wielding a +0 short sword
              (2 damage)
             ... on level 2 of the Dungeon.
             The game lasted 00:06:08 (364 turns).

Mune the Caller (Mummy Summoner)                     Turns: 364, Time: 00:06:09

Health: 0/19       AC: 11    Str: 11    XL:     2   Next: 55%
Magic:  4/6        EV:  2    Int: 14    God:    Dithmenos [*.....]
Gold:   54         SH:  0    Dex: 12    Spells: 6/7 levels left

rFire   x . .      SeeInvis .   e - +0 dagger
rCold   + . .      Faith    .   (no shield)
rNeg    + + +      Spirit   .   f - +0 plate armour
rPois   ∞          Reflect  .   (no helmet)
rElec   .          Harm     .   (no cloak)
rCorr   .          Rampage  .   c - +0 pair of gloves
Will    .....                   (no boots)
Stlth   ..........              h - amulet of regeneration
HPRegen 0.06/turn               (no ring)
MPRegen 0.10/turn               (no ring)

@: very slightly contaminated, wreathed by umbra
A: cold resistance 1, negative energy resistance 3, torment resistance 2, heat
vulnerability 1, no potions
a: Renounce Religion


You were on level 2 of the Dungeon.
You worshipped Dithmenos.
Dithmenos was aware of your devotion.
You visited 1 branch of the dungeon, and saw 2 of its levels.

You collected 54 gold pieces.

Inventory:

Hand Weapons
 e - a +0 dagger (weapon)
Armour
 a - a +0 robe
 c - a +0 pair of gloves (worn)
 f - a +0 plate armour (worn)
Jewellery
 h - an amulet of regeneration (around neck)
Scrolls
 d - a scroll of blinking
Potions
 g - a potion of mutation {unknown}


   Skills:
 + Level 0.1 Short Blades
 + Level 1.6 Dodging
 + Level 1.7 Stealth
 + Level 0.1 Unarmed Combat
 + Level 3.1 Spellcasting
 + Level 3.5 Summonings


You had 6 spell levels left.
You knew the following spells:

 Your Spells              Type           Power      Damage    Failure   Level
a - Summon Small Mammal   Summ           48%        N/A       100%        1

Your spell library contained the following spells:

 Spells                   Type           Power      Damage    Failure   Level
 Call Imp                 Summ           12%        N/A       100%        2
 Call Canine Familiar     Summ           12%        N/A       100%        3
 Summon Guardian Golem    Hex/Summ       7%         N/A       100%        3
 Summon Lightning Spire   Summ/Air       7%         N/A       100%        4


Dungeon Overview and Level Annotations

Branches:
Dungeon (2/15)

Altars:
Dithmenos

Annotations:
D:1 2 runed translucent doors


Innate Abilities, Weirdness & Mutations

You are immune to poison.
Your flesh is cold resistant. (rC+)
You are immune to negative energy. (rN+++)
You are immune to unholy pain and torment.
You are vulnerable to heat. (rF-)
You do not drink.


Message History

Found a scroll labelled ZYAMPOU AGHU.
Your magical contamination has completely faded away.
i - a scroll labelled ZYAMPOU AGHU
Found a scroll labelled KOBIKL FIEMO.
As you read the scroll labelled HIDIUXZ VOUGUM, it crumbles to dust.
It is a scroll of identify.
d - a scroll of blinking
As you read the scroll labelled ZYAMPOU AGHU, it crumbles to dust.
You hear a loud clanging noise!
It was a scroll of noise.
You hear a shout! x2; You hear an angry hiss.
Blink to where?
Press: ? - help, Dir - move target, f - you
Okay, then.
Welcome back, Mune the Mummy Summoner.
Dithmenos says: Spread the eternal night.
Press ? for a list of commands and other information.
Welcome back, Mune the Mummy Summoner.
Dithmenos says: Spread the eternal night.
Press ? for a list of commands and other information.
A kobold comes into view. It is wielding a +0 short sword.
Casting: Summon Small Mammal (safe; 100% risk of failure)
Confirm with . or Enter, or press ? or * to list all spells.
You miscast Summon Small Mammal.
You are very lightly contaminated with residual magic.
Nothing appears to happen.
Casting: Summon Small Mammal (safe; 100% risk of failure)
Confirm with . or Enter, or press ? or * to list all spells.
You miscast Summon Small Mammal.
Nothing appears to happen.
The kobold hits you with a +0 short sword.
* * * LOW HITPOINT WARNING * * *
You closely miss the kobold.
A goblin comes into view. It is wielding a +0 dagger.
The kobold hits you but does no damage.
You closely miss the kobold.
The kobold hits you with a +0 short sword.
* * * LOW HITPOINT WARNING * * *
You closely miss the kobold.
The kobold hits you with a +0 short sword.
You die...

.>..###.#.#.....# ##
.....##.#.#.....#...#
#.##......#...g.#...#
...#..#...#.....#...#
..#......#.....#...#
..##.#####.....#...####
..##..<..'†........<...
#....######.............
##.#. ######@....?.. #
## #K#...... #.###+###
#.# #.# #.# #.. ##.


You could see a goblin and a kobold.

Vanquished Creatures
  An adder (D:2)
  A ball python (D:1)
  An endoplasm (D:1)
  2 rats (D:2)
5 creatures vanquished.

Vanquished Creatures (collateral kills)
  2 bats (D:1)
  A giant cockroach (D:1)
  A hobgoblin (D:1)
  A goblin (D:2)
  A kobold (D:2)
6 creatures vanquished.

Grand Total: 11 creatures vanquished

Notes
Turn   | Place    | Note
-------+----------+-------------------------------------------
     0 | D:1      | Mune the Mummy Summoner began the quest for the Orb.
     0 | D:1      | Reached XP level 1. HP: 13/13 MP: 4/4
    66 | D:1      | Found a large runed translucent door.
    66 | D:1      | Found a large runed translucent door.
    68 | D:1      | Noticed an orc warrior
   128 | D:1      | Found a faded altar of an unknown god.
   138 | D:1      | Prayed at the altar of an unknown god.
   138 | D:1      | Became a worshipper of Dithmenos the Shadowed
   138 | D:1      | Reached * piety under Dithmenos
   196 | D:2      | Reached XP level 2. HP: 12/19 MP: 3/6
   364 | D:2      | Slain by a kobold

Illustrated notes

Levels and vault maps discovered:
D:1:      erik_arrival_cave_to_civilisation [erik_arrival_cave_to_temple],
          layout_basic, hellmonk_ecumenical_altar_slurped_away,
          chequers_serial_rivers_small_a
D:2:      layout_basic

Skill      XL: |  1 |
---------------+----+-----
Spellcasting   | 3 |  3.1
Short Blades   | |  0.1
Dodging        | |  1.6
Stealth        | |  1.7
Unarmed Combat | |  0.1
Summonings     | |  3.5

Action                   || total
-------------------------++-------
Melee: Unarmed           ||    25
       Dagger            ||    20
 Cast: Summon Small Mamm ||    11
  Use: Scroll            ||     2
Armor: Robe              ||    15
       Plate armour      ||    11
Dodge: Dodged            ||    34
